 Seeded DCSS version 0.32-a0-22-g6ae6769602 (webtiles) character file.

Game seed: 9872065412798756122 (custom seed)

52 timneilson the Ruffian (level 3, -6/24 HPs)
             Began as an Octopode Shapeshifter on Jan 18, 2024.
             Mangled by Sigmund
             ... wielding a +0 scythe of protection
              (8 damage)
             ... on level 3 of the Dungeon.
             The game lasted 00:02:28 (2220 turns).

timneilson the Ruffian (Octopode Shapeshifter)      Turns: 2220, Time: 00:02:28

Health: -6/24      AC:  1    Str: 15    XL:     3   Next: 85%
Magic:  0/3        EV: 13    Int: 12    God:
Gold:   149        SH:  0    Dex: 11    Spells: 2/2 levels left

rFire   . .          .
                       - Unarmed
rCold   . . .        (no shield)
rNeg    . . .        (helmet currently unavailable)
rPois   .            l - amulet of guardian spirit
rElec   .            (no ring)
rCorr   .            (no ring)
SInv    .            (no ring)
Will    .....        (no ring)
Stlth   ++           (no ring)
HPRegen 0.24/turn    (no ring)
MPRegen 0.08/turn    (no ring)
                     (no ring)

%: guardian spirit
@: beast-form, invisible
A: beast (slay +1), almost no armour, amphibious, 8 rings, camouflage 1,
gelatinous body 1, (nimble swimmer 1), tentacles
a: Begin Untransformation


You were on level 3 of the Dungeon.
You were a hulking beast.
You visited 1 branch of the dungeon, and saw 3 of its levels.

You collected 149 gold pieces.

Inventory:

Jewellery
 l - an amulet of guardian spirit (around mantle)
Talismans
 b - a beast talisman
 c - a flux talisman
Scrolls
 e - a scroll of revelation
 g - a scroll of fear
 i - 2 scrolls of brand weapon
 k - a scroll of poison
Potions
 a - a potion of lignification
 d - a potion of brilliance
 f - 2 potions of magic
 j - a potion of enlightenment {unknown}
 m - a potion of heal wounds {unknown}


   Skills:
 * Level 1.7 Fighting
 * Level 2.5 Dodging
 + Level 1.0 Stealth
 * Level 3.4 Unarmed Combat
 * Level 3.3 Shapeshifting


You had 2 spell levels left.
You didn't know any spells.
Your spell library was empty.

Dungeon Overview and Level Annotations

Branches:
Dungeon (3/15)

Altars:
Dithmenos
Xom

Shops:
D:1 :

Annotations:
D:3 Sigmund


Innate Abilities, Weirdness & Mutations

You are a hulking beast.
Your limbs bulge with bestial killing power. (Slay +1)
You cannot wear most types of armour.
You are amphibious.
You can wear up to eight rings at the same time.
Your skin changes colour to match your surroundings (Stealth+).
Your rubbery body absorbs attacks. (AC +1, EV +1)
((You are camouflaged when in or above water. (Stealth+)))
You have tentacles for arms and can constrict up to eight enemies at once.


Message History

l - an amulet of guardian spirit The goblin shouts!
You bludgeon the goblin!
You kill the goblin!
Things that are here:
a +0 club; a goblin corpse You now have 149 gold pieces (gained 11).
You start putting on your amulet.
You continue putting on your amulet of guardian spirit. x5
You finish putting on your amulet of guardian spirit.
You feel your power drawn to a protective spirit.
l - an amulet of guardian spirit (around mantle)
A rat comes into view.
The helpless rat fails to defend itself.
You bludgeon the rat!
You kill the rat!
You see here a rat corpse.
You enter the shallow water.
The hobgoblin shouts!
You hear a shout! x3
Found a robe.
Sigmund the Dreaded comes into view.
He is wielding a +0 scythe of protection.
Sigmund shouts!
Sigmund gestures at you while chanting. You resist with significant effort.
Sigmund mumbles some strange words.
Sigmund flickers and vanishes!
Deactivating autopickup; reactivate with Ctrl-A.
Something hits you!
Ouch! That really hurt!
You tentacle-slap something but do no damage.
Your squeeze misses something.
You tentacle-slap something but do no damage.
Something hits you.
You closely miss something. Something hits you!
* * * LOW HITPOINT WARNING * * *
It was a potion of invisibility.
You fade into invisibility!
You barely miss something. Something barely misses you.
You closely miss something. Your squeeze misses something. Something hits you!
You die...

........# ........#
.......## .##...##
. #####.# .. #)#
...########### #.#
.............###
#.##
................
#..##......{h.....#
##..#...##....#.###
### ##.#
##.......#####~#
#.# ###..[......#~#
#.## ####......~~#
#..## ##.###~~~# ##
##..# #.# #~≈≈##.K#
##.## #.# #~~≈≈#KK#
#..## #.# #~≈≈##..#


There were no monsters in sight!

Vanquished Creatures
  2 adders
  A ribbon worm (D:3)
  A bat (D:1)
  6 endoplasms
  A giant cockroach (D:2)
  3 goblins
  4 hobgoblins (D:2)
  A ball python (D:2)
  2 frilled lizards (D:1)
  5 kobolds
  4 rats
30 creatures vanquished.

Notes
Turn   | Place    | Note
-------+----------+-------------------------------------------
     0 | D:1      | timneilson the Octopode Shapeshifter began the quest for
                  | the Orb.
     0 | D:1      | Reached XP level 1. HP: 13/13 MP: 1/1
   215 | D:1      | Found Logiotz's Book Emporium.
   287 | D:1      | Reached XP level 2. HP: 18/18 MP: 2/2
  1140 | D:2      | Reached XP level 3. HP: 14/23 MP: 3/3
  1434 | D:2      | Found a faded altar of an unknown god.
  2084 | D:3      | Reached skill level 1 in Stealth
  2135 | D:3      | Found a shadowy altar of Dithmenos.
  2137 | D:3      | Found a shimmering altar of Xom.
  2201 | D:3      | Noticed a kobold brigand
  2210 | D:3      | Noticed Sigmund
  2217 | D:3      | HP: 1/24 [something (9)]
  2220 | D:3      | Mangled by Sigmund

Illustrated notes

Levels and vault maps discovered:
D:1:      dpeg_arrival_stone_temple_mockup, layout_loops_corners, serial_shops,
          shop, minmay_split_cup_large
D:2:      layout_basic, chequers_ecumenical_altar_grove, chequers_jeans
D:3:      cheibrodos_thug_alley, layout_rooms, grunt_temple_overflow_opulence,
          grunt_temple_overflow_open, biasface_ghost_orc_armoury, uniq_sigmund

Skill      XL: |  1  2  3 |
---------------+----------+-----
Stealth        | 1 |  1.0
Fighting       | |  1.7
Dodging        | |  2.5
Unarmed Combat | |  3.4
Shapeshifting  | |  3.3

Action                     || total
---------------------------++-------
  Melee: Unarmed           ||    63
         Constrict         ||    11
         Tentacles         ||    12
    Use: Scroll            ||    11
         Potion            ||     1
   Stab: Sleeping          ||     7
 Armour: Skin              ||    20
  Dodge: Dodged            ||    25

Table legend: (Time is in decaauts)
 A = Elapsed time spent in this place.
 B = Non-inter-level travel time spent in this place.
 C = Inter-level travel time spent in this place.
 D = Time resting spent in this place.
 E = Time spent auto-exploring this place.
 F = Levels seen in this place.
 G = Mean time per level.
                   A        B        C        D        E       F      G
               +--------+--------+--------+--------+--------+-----+--------+
         Total |   2216 |   2137 |     79 |    143 |   1676 |   3 |  738.7 |
       Dungeon |   2216 |   2137 |     79 |    143 |   1676 |   3 |  738.7 |
               +--------+--------+--------+--------+--------+-----+--------+

Top non-repeatable levels by time:
     D:2: 984 daAuts
     D:1: 967 daAuts
     D:3: 263 daAuts
